 Dungeon Crawl Stone Soup version 0.17.0-23-g0de4337 (webtiles) character file.

4757 radek the Covert (level 10, -26/49 HPs)
             Began as a Spriggan Assassin on Nov 13, 2015.
             Was a Believer of Nemelex Xobeh.
             Killed by the air
             ... invoked by Gastronok
              (39 damage)
             ... on level 9 of the Dungeon on Nov 14, 2015.
             The game lasted 01:06:36 (11794 turns).

radek the Covert (Spriggan Assassin)               Turns: 11794, Time: 01:06:36

Health: -26/49     AC:  9    Str:  7    XL:     10   Next: 23%
Magic:  15/15      EV: 31    Int: 13    God:    Nemelex Xobeh [**....]
Gold:   601        SH:  0    Dex: 21    Spells: 0 memorised, 15 levels left

rFire  . . .     SeeInvis +     a - +6 dagger
rCold  . . .     Clarity  .     f - +1 robe {MR+}
rNeg   + . .     SustAt   .     (shield restricted)
rPois  .         Gourm    .     (helmet restricted)
rElec  .         Spirit   .     x - +0 cloak
rCorr  .         Warding  +     (gloves unavailable)
rMut   .         Stasis   .     (boots unavailable)
MR     ++...                    Y - amulet of warding
Stlth  ++++++....               W - +5 ring of protection
                                J - +2 ring of evasion

@: very quick, very resistant to hostile enchantments, very stealthy
A: unfitting armour, see invisible, herbivore 3, speed 3, slow metabolism 2
a: Renounce Religion


You were on level 9 of the Dungeon.
You worshipped Nemelex Xobeh.
Nemelex Xobeh was pleased with you.
You were very hungry.

You visited 1 branch of the dungeon, and saw 9 of its levels.

You collected 601 gold pieces.

Inventory:

Hand Weapons
 a - a +6 dagger (weapon)
 b - a +0 blowgun
 j - a +0 hunting sling
 O - a +0 dagger of electrocution
 Q - a cursed -3 whip
 S - a +1 whip of draining
Missiles
 e - 67 poisoned needles
 i - 5 needles of sleeping
 v - 298 stones (quivered)
 F - 7 needles of confusion
 M - a curare-tipped needle
Armour
 f - a +1 robe of magic resistance (worn)
 x - a +0 cloak (worn)
Jewellery
 c - an uncursed ring of sustain attributes
 h - an uncursed amulet of stasis
 J - a +2 ring of evasion (left hand)
 T - an uncursed amulet of guardian spirit
 W - a +5 ring of protection (right hand)
 Y - an amulet of warding (around neck)
Wands
 s - a wand of polymorph (16)
 t - a wand of cold (6)
 z - a wand of lightning (6)
 G - a wand of flame (22)
 N - a wand of frost (34)
 X - a wand of random effects (17)
Scrolls
 k - 15 scrolls of identify
 m - 3 scrolls of teleportation
 u - a scroll of recharging {unknown}
 B - 3 scrolls of random uselessness
 H - 2 scrolls of remove curse
 I - a scroll of blinking
 P - 2 scrolls of enchant armour {unknown}
 R - a scroll of magic mapping {unknown}
Potions
 d - a potion of agility {unknown}
 n - a potion of haste
 p - 3 potions of mutation {unknown}
 r - a potion of beneficial mutation {unknown}
 w - 2 potions of curing
 A - a potion of might {unknown}
 D - 3 potions of flight {unknown}
 E - 3 potions of poison {unknown}
 K - a potion of magic {unknown}
 L - a potion of degeneration {unknown}
 V - 2 potions of heal wounds {unknown}
 Z - 2 potions of brilliance {unknown}
Books
 q - a book of Beasts

   Spells                             Type                      Level
   a - Summon Butterflies             Summoning                    1
   b - Call Canine Familiar           Summoning                    3
   c - Summon Ice Beast               Ice/Summoning                4
   d - Summon Mana Viper              Hexes/Summoning              5
   e - Summon Hydra                   Summoning                    7
 C - a book of Debilitation

   Spells                             Type                      Level
   a - Corona                         Hexes                        1
   b - Slow                           Hexes                        2
   c - Gell's Gravitas                Hexes/Translocation          3
   d - Inner Flame                    Hexes/Fire                   3
   e - Cause Fear                     Hexes                        4
   f - Leda's Liquefaction            Hexes/Earth                  4
Miscellaneous
 l - a plain deck of destruction {drawn: 2}
 y - a plain deck of war {drawn: 2}
Comestibles
 g - 7 bread rations
 o - 5 fruits
 U - 11 slices of pizza


   Skills:
 + Level 4.0 Fighting
 * Level 8.5 Short Blades
 + Level 6.1 Throwing
 * Level 10.6 Dodging
 * Level 12.2 Stealth
 + Level 3.1 Spellcasting


You had 15 spell levels left.
You didn't know any spells.

Dungeon Overview and Level Annotations

Branches:
Dungeon (9/15)             Temple (0/1) D:6
   Lair: D:8-11         Orc: D:9-12

Altars:
Cheibriados
Elyvilon
Gozag
Nemelex Xobeh
Qazlal
Sif Muna
Vehumet
Xom
Yredelemnul

Annotations:
D:9 Gastronok


Innate Abilities, Weirdness & Mutations

You are tiny and cannot use many weapons and most armour.
You have supernaturally acute eyesight.
You are a herbivore.
You cover ground extremely quickly.
You need consume almost no food.


Message History

The bat completely misses you.
You puncture Gastronok!
Gastronok is heavily wounded.
The bat closely misses you.
You barely miss Gastronok.
Gastronok is heavily wounded.
The bat misses you.
Gastronok waves his eye-stalks in wide circles.
The air twists around and strikes you!
Ouch! That really hurt!
* * * LOW HITPOINT WARNING * * *
Drink which item? (? for menu, Esc to quit)
You feel better.
The bat's attack is warded away.
The bat completely misses you.
You barely miss the bat. The bat completely misses you.
Gastronok waves his eye-stalks in wide circles.
The air twists around and strikes you!
Ouch! That really hurt!
You die...
Your body glows slightly and disappears.

####..# ##<##..#
#######......#
#............######
#.######.#.........
#.# #.##.#######
#b# #.##.# #.###
#.##.# #.@$# #.##.#
###.# #.##########
#w# #.# #≈≈≈≈≈≈#
h#. #≈♣..♣≈# .# ##
#≈.##..' #.
#≈.##..' # #≈♣..♣≈#
#≈≈≈≈≈≈# ########


You could see Gastronok and a bat.

Vanquished Creatures
  Erolcha (D:9)
  The ghost of HungrySpirit the Cleaver, a novice HuCK of Xom (D:6)
  A cyclops (D:9)
  A two-headed ogre (D:8)
  Sigmund (D:2)
  A human (D:9)
  A water moccasin (D:7)
  An ice beast (D:5)
  2 sky beasts
  A black bear (D:8)
  2 ogres
  3 centaurs
  A crocodile (D:9)
  A giant frog (D:8)
  2 phantoms
  A big kobold (D:8)
  The ghost of HungrySpirit the Chopper, a weakling HuCK of Xom (D:4)
  11 killer bees
  A giant frog zombie (D:6)
  A centaur zombie (D:9)
  A crimson imp (D:6)
  3 orc priests (D:6)
  A giant frog skeleton (D:3)
  2 jellies
  Crazy Yiuf (D:7)
  5 hounds
  5 orc wizards
  A centaur skeleton (D:6)
  An iguana (D:5)
  A quasit (D:8)
  3 worker ants
  A hound skeleton (D:4)
  Robin (D:3)
  4 gnolls (D:4)
  2 worker ant zombies
  5 adders
  4 shadow imps
  5 worms
  2 adder skeletons
  3 giant geckos
  37 orcs
  6 giant cockroaches
  19 goblins
  10 hobgoblins
  14 jackals
  9 kobolds
  7 quokkas
  3 ball pythons
  6 bats
  4 giant newts
  A quokka zombie (D:9)
  9 rats
  2 butterflies (D:5)
213 creatures vanquished.

Notes
Turn   | Place    | Note
--------------------------------------------------------------
     0 | D:1      | radek the Spriggan Assassin began the quest for the Orb.
     0 | D:1      | Reached XP level 1. HP: 10/10 MP: 2/2
   228 | D:1      | Reached skill level 6 in Stealth
   613 | D:1      | Reached XP level 2. HP: 14/14 MP: 3/3
  1312 | D:2      | Noticed Sigmund
  1463 | D:2      | Reached XP level 3. HP: 12/18 MP: 4/4
  1699 | D:2      | Found a faded altar to an unknown god.
  2192 | D:2      | Killed Sigmund
  2192 | D:2      | Reached skill level 7 in Stealth
  2192 | D:2      | Reached XP level 4. HP: 22/22 MP: 5/5
  2192 | D:2      | Reached XP level 5. HP: 25/25 MP: 6/6
  3545 | D:3      | Reached XP level 6. HP: 26/30 MP: 7/7
  3976 | D:3      | Noticed Robin
  3989 | D:3      | Killed Robin
  4156 | D:4      | Reached skill level 5 in Dodging
  4270 | D:4      | Noticed HungrySpirit's ghost (weakling HuCK)
  4357 | D:4      | Killed HungrySpirit's ghost
  4951 | D:4      | Reached XP level 7. HP: 31/34 MP: 1/8
  4960 | D:4      | Reached skill level 5 in Short Blades
  5133 | D:4      | Reached skill level 8 in Stealth
  5283 | D:5      | Entered Level 5 of the Dungeon
  5368 | D:5      | Found a shimmering altar of Xom.
  5531 | D:5      | Found a basalt altar of Yredelemnul.
  5608 | D:5      | Found a white marble altar of Elyvilon.
  5747 | D:5      | Found a stormy altar of Qazlal.
  6116 | D:5      | Found a radiant altar of Vehumet.
  6116 | D:5      | Found a sparkling altar of Nemelex Xobeh.
  6119 | D:5      | Became a worshipper of Nemelex Xobeh the Trickster
  6229 | D:6      | Found a snail-covered altar of Cheibriados.
  6241 | D:6      | Received a gift from Nemelex Xobeh
  6261 | D:6      | Found a staircase to the Ecumenical Temple.
  6586 | D:6      | Reached skill level 9 in Stealth
  6595 | D:6      | Noticed HungrySpirit's ghost (novice HuCK)
  7196 | D:6      | Reached XP level 8. HP: 35/39 MP: 9/9
  7583 | D:6      | Killed HungrySpirit's ghost
  8091 | D:6      | Reached skill level 10 in Stealth
  8432 | D:6      | Found a radiant altar of Vehumet.
  8739 | D:7      | Received a gift from Nemelex Xobeh
  8775 | D:7      | Noticed Crazy Yiuf
  8781 | D:7      | Killed Crazy Yiuf
  8834 | D:7      | Reached * piety under Nemelex Xobeh
  8895 | D:7      | Reached skill level 5 in Throwing
  9035 | D:7      | Reached XP level 9. HP: 42/44 MP: 10/10
  9068 | D:7      | Received a gift from Nemelex Xobeh
 10037 | D:8      | Reached skill level 11 in Stealth
 10165 | D:8      | Reached skill level 1 in Spellcasting
 10312 | D:8      | Found a deep blue altar of Sif Muna.
 10473 | D:8      | Reached ** piety under Nemelex Xobeh
 10930 | D:8      | You fall through a shaft!
 11154 | D:9      | Noticed a cyclops
 11159 | D:9      | Killed a cyclops
 11312 | D:9      | Noticed Erolcha
 11316 | D:9      | Killed Erolcha
 11316 | D:9      | Reached skill level 10 in Dodging
 11316 | D:9      | Reached skill level 12 in Stealth
 11316 | D:9      | Reached XP level 10. HP: 49/49 MP: 15/15
 11447 | D:9      | Found an opulent altar of Gozag.
 11768 | D:9      | Noticed Gastronok
 11794 | D:9      | Killed from afar by Gastronok

Action                   |  1- 3 |  4- 6 |  7- 9 | 10-12 || total
-------------------------+-------+-------+-------+-------++-------
Melee: Dagger            |    63 |   275 |   524 |    52 ||   914
 Fire: Blowgun           |     6 |    20 |    10 |       ||    36
       Hunting sling     |       |    43 |       |       ||    43
Throw: Stone             |       |    26 |       |       ||    26
Evoke: Deck              |       |       |     8 |       ||     8
  Use: Scroll            |       |       |    11 |       ||    11
       Potion            |       |       |     1 |     1 ||     2
 Stab: Sleeping          |    15 |     8 |    26 |     3 ||    52
       Distracted        |       |     1 |     2 |       ||     3
  Eat: Fruit             |       |     1 |     1 |       ||     2
       Bread ration      |       |       |     1 |       ||     1
